Match 35714244
Unlisted

Match 35714244
End
Pioneer Squad
Construct Infanterie Kompanie
Grenadier Squad
Selects Mechanized Battlegroup
Grenadier Squad
Medical Station
Sniper
Sniper
Selects Raid Package
Construct Luftwaffe Kompanie
Construct Panzergrenadier Kompanie
Jäger Squad
Selects StuG Assault Group
251 Medium Carrier
Jäger Squad
AI Takeover
帝国之鹰
這粥好鹹
鱼刺逗你玩
Chobin
Bruistablet
Professor gibberish
0
0

Comments sign in to comment!

No comments posted yet!